 Dungeon Crawl Stone Soup version 0.30-a0-272-gf98c3da03f (webtiles) character file.

Game seed: 596374535046885840

364 Lanoc the Digger (level 6, 0/44 HPs)
             Began as a Gnoll Earth Elementalist on Oct 15, 2022.
             Was an Initiate of Ashenzari.
             Slain by an ogre
             ... wielding a +0 giant club
              (20 damage)
             ... on level 4 of the Dungeon.
             The game lasted 00:05:05 (3347 turns).

Lanoc the Digger (Gnoll Earth Elementalist)         Turns: 3347, Time: 00:05:06

Health: 0/44       AC:  3    Str:  8    XL:     6   Next: 67%
Magic:  10/14      EV: 13    Int: 16    God:    Ashenzari [......]
Gold:   169        SH:  0    Dex: 12    Spells: 12/15 levels left

rFire   . . .      SeeInvis +      - Unarmed
rCold   . . .      Faith    .    (no shield)
rNeg    . . .      Spirit   .    a - +0 robe
rPois   .          Reflect  .    r - +1 hat
rElec   .          Harm     .    (no cloak)
rCorr   .          Rampage  .    (no gloves)
Will    .....                    (no boots)
Stlth   +++.......               (no amulet)
HPRegen 0.27/turn                d - ring of see invisible
MPRegen 0.14/turn                (no ring)

@: no status effects
A: fangs 1, strong nose, distributed training
a: Renounce Religion


You were on level 4 of the Dungeon.
You worshipped Ashenzari.
Ashenzari was noncommittal.
You visited 2 branches of the dungeon, and saw 5 of its levels.

You collected 169 gold pieces.

Inventory:

Armour
 a - a +0 robe (worn)
 r - a +1 hat (worn)
Jewellery
 d - a ring of see invisible (left hand)
Wands
 h - a wand of flame (9)
Scrolls
 c - 3 scrolls of identify {unknown}
 e - 6 scrolls of teleportation {unknown}
 g - 2 scrolls of fog {unknown}
 j - a scroll of amnesia {unknown}
 m - a scroll of vulnerability {unknown}
 q - a scroll of immolation {unknown}
Potions
 b - a potion of magic
 f - a potion of brilliance {unknown}
 i - a potion of degeneration {unknown}
 k - 2 potions of berserk rage {unknown}
 l - 2 potions of mutation {unknown}
 n - a potion of heal wounds {unknown}
 o - 2 potions of might {unknown}
 p - a potion of lignification {unknown}


   Skills:
 + Level 2.1 Fighting
 + Level 2.1 Short Blades
 + Level 2.1 Long Blades
 + Level 2.1 Axes
 + Level 2.1 Maces & Flails
 + Level 2.1 Polearms
 + Level 2.1 Staves
 + Level 2.1 Ranged Weapons
 + Level 2.1 Throwing
 + Level 2.1 Armour
 + Level 5.0 Dodging
 + Level 4.7 Stealth
 + Level 2.1 Shields
 + Level 2.1 Unarmed Combat
 + Level 5.4 Spellcasting
 + Level 1.7 Conjurations
 + Level 1.7 Hexes
 + Level 1.7 Summonings
 + Level 1.7 Necromancy
 + Level 1.7 Translocations
 + Level 2.7 Transmutations
 + Level 1.7 Fire Magic
 + Level 1.7 Ice Magic
 + Level 1.7 Air Magic
 + Level 5.7 Earth Magic
 + Level 1.7 Poison Magic
 + Level 2.3 Invocations
 + Level 2.1 Evocations


You had 12 spell levels left.
You knew the following spells:

 Your Spells              Type           Power      Damage    Failure   Level
a - Sandblast             Erth           44%        2d11      1%          1
b - Passwall              Tmut/Erth      14%        N/A       3%          2

Your spell library contained the following spells:

 Spells                   Type           Power      Damage    Failure   Level
 Magic Dart               Conj           36%        1d4       7%          1
 Stone Arrow              Conj/Erth      32%        3d9       10%         3
 Call Imp                 Summ           9%         N/A       11%         2
 Static Discharge         Conj/Air       18%        2-3/arc   11%         2
 Call Canine Familiar     Summ           9%         N/A       22%         3
 Frozen Ramparts          Ice            18%        1d3       22%         3
 Inner Flame              Hex/Fire       9%         N/A       22%         3
 Mephitic Cloud           Conj/Pois/Air  9%         N/A       22%         3
 Portal Projectile        Hex/Tloc       18%        N/A       22%         3
 Vhi's Electric Charge    Tloc/Air       18%        N/A       22%         3
 Petrify                  Tmut/Erth      17%        N/A       26%         4
 Leda's Liquefaction      Hex/Erth       8%         N/A       30%         4
 Ice Form                 Ice/Tmut       11%        N/A       50%         4
 Flame Wave               Conj/Fire      9%         2d6       56%         4
 Sticky Flame             Conj/Fire      9%         2d3       56%         4
 Summon Ice Beast         Ice/Summ       9%         N/A       56%         4
 Arcjolt                  Conj/Air       4%         1d14      89%         5
 Lightning Bolt           Conj/Air       4%         1d16      89%         5


Dungeon Overview and Level Annotations

Branches:
Dungeon (4/15)             Temple (1/1) D:4

Altars:
Ashenzari
Dithmenos
Elyvilon
Fedhas
Gozag
Kikubaaqudgha
Makhleb
Nemelex Xobeh
Okawaru
Qazlal
Trog
Wu Jian
Xom
Yredelemnul
Zin
The Shining One


Innate Abilities, Weirdness & Mutations

You have very sharp teeth.
Your uncanny sense of smell can sniff out nearby items.
Your experience applies equally to all skills.


Message History

Casting: Sandblast (safe; 1% risk of failure)
Confirm with . or Enter, or press ? or * to list all spells.
Aiming: Sandblast (safe; 1% risk of failure)
Press: ? - help, Shift-Dir - straight line, f - kobold
Aim: a kobold, wielding a +0 dagger (asleep, 100% to hit)
The blast of sand hits the kobold but does no damage.
The ogre shouts!
Casting: Sandblast (safe; 1% risk of failure)
Confirm with . or Enter, or press ? or * to list all spells.
Aiming: Sandblast (safe; 1% risk of failure)
Press: ? - help, Shift-Dir - straight line, f/p - kobold
Aim: a kobold, wielding a +0 dagger (79% to hit)
The blast of sand hits the kobold!
You kill the kobold!
Casting: Sandblast (safe; 1% risk of failure)
Confirm with . or Enter, or press ? or * to list all spells.
Aiming: Sandblast (safe; 1% risk of failure)
Press: ? - help, Shift-Dir - straight line, f - ogre
Aim: an ogre, wielding a +0 giant club (92% to hit)
The blast of sand hits the ogre.
The ogre is lightly wounded.
The ogre hits you with a +0 giant club!!
Ouch! That really hurt!
Casting: Sandblast (safe; 1% risk of failure)
Confirm with . or Enter, or press ? or * to list all spells.
Aiming: Sandblast (safe; 1% risk of failure)
Press: ? - help, Shift-Dir - straight line, f/p - ogre
Aim: an ogre, wielding a +0 giant club (lightly wounded, 92% to hit)
The blast of sand hits the ogre!
The ogre is heavily wounded.
The ogre barely misses you.
Casting: Sandblast (safe; 1% risk of failure)
Confirm with . or Enter, or press ? or * to list all spells.
Aiming: Sandblast (safe; 1% risk of failure)
Press: ? - help, Shift-Dir - straight line, f/p - ogre
Aim: an ogre, wielding a +0 giant club (heavily wounded, 92% to hit)
The blast of sand hits the ogre.
The ogre is severely wounded.
The ogre hits you with a +0 giant club!!
You die...

# #### ∆ ∆ # # ###..#
##.##.. ###..†..
.#....###......#
##....###......#'#
######.O.###......###.#
#....#@###......###...#
#.####'#......###...###
#.##.#......###...###.#
#.##.##......##†.##...#
##.##.###......##....###
##.#.#.#.##......##..##.#
##.###..#..##......##....#
#.## ##.##..##......##..##
##.###..#...)##...)..##..#


You could see an ogre.

Vanquished Creatures
  A black bear (D:4)
  3 hounds (D:4)
  A jelly (D:4)
  An iguana (D:4)
  An orc wizard (D:4)
  4 adders
  2 worms
  2 dart slugs
  6 ball pythons
  4 bats
  6 endoplasms
  2 giant cockroaches (D:1)
  8 goblins
  4 hobgoblins
  3 quokkas
  3 frilled lizards
  11 kobolds
  3 rats
65 creatures vanquished.

Notes
Turn   | Place    | Note
-------+----------+-------------------------------------------
     0 | D:1      | Lanoc the Gnoll Earth Elementalist began the quest for the
                  | Orb.
     0 | D:1      | Reached XP level 1. HP: 13/13 MP: 6/6
   230 | D:1      | Reached XP level 2. HP: 19/19 MP: 5/7
  1237 | D:2      | Reached skill level 5 in Spellcasting
  1237 | D:2      | Reached XP level 3. HP: 25/25 MP: 5/9
  1320 | D:2      | Found a shimmering altar of Xom.
  1365 | D:2      | Learned a level 2 spell: Passwall
  1489 | D:2      | Reached skill level 1 in Invocations
  1642 | D:2      | Reached skill level 1 in Fighting
  1642 | D:2      | Reached skill level 1 in Short Blades
  1642 | D:2      | Reached skill level 1 in Long Blades
  1642 | D:2      | Reached skill level 1 in Axes
  1642 | D:2      | Reached skill level 1 in Maces & Flails
  1642 | D:2      | Reached skill level 1 in Polearms
  1642 | D:2      | Reached skill level 1 in Staves
  1642 | D:2      | Reached skill level 1 in Ranged Weapons
  1642 | D:2      | Reached skill level 1 in Throwing
  1642 | D:2      | Reached skill level 1 in Armour
  1642 | D:2      | Reached skill level 1 in Shields
  1642 | D:2      | Reached skill level 1 in Unarmed Combat
  1642 | D:2      | Reached skill level 1 in Evocations
  1736 | D:2      | You fall into a shaft and drop 1 floor!
  1880 | D:3      | Reached XP level 4. HP: 32/32 MP: 9/11
  1953 | D:3      | Found a stormy altar of Qazlal.
  2008 | D:3      | Found a sparkling altar of Nemelex Xobeh.
  2160 | D:3      | Found a glowing golden altar of the Shining One.
  2365 | D:3      | Found a blossoming altar of Fedhas.
  2385 | D:3      | Reached skill level 1 in Conjurations
  2385 | D:3      | Reached skill level 1 in Hexes
  2385 | D:3      | Reached skill level 1 in Summonings
  2385 | D:3      | Reached skill level 1 in Necromancy
  2385 | D:3      | Reached skill level 1 in Translocations
  2385 | D:3      | Reached skill level 1 in Fire Magic
  2385 | D:3      | Reached skill level 1 in Ice Magic
  2385 | D:3      | Reached skill level 1 in Air Magic
  2385 | D:3      | Reached skill level 1 in Poison Magic
  2393 | D:3      | Found a shadowy altar of Dithmenos.
  2397 | D:3      | Found a bloodstained altar of Trog.
  2468 | D:4      | Reached XP level 5. HP: 21/37 MP: 5/12
  2566 | D:4      | Found a staircase to the Ecumenical Temple.
  2572 | Temple   | Entered the Ecumenical Temple
  2732 | Temple   | Became a worshipper of Ashenzari the Shackled
  2836 | D:4      | Noticed a black bear
  2844 | D:4      | Killed a black bear
  2845 | D:4      | Reached skill level 5 in Dodging
  2845 | D:4      | Reached XP level 6. HP: 7/44 MP: 5/14
  3347 | D:4      | Slain by an ogre

Illustrated notes

Levels and vault maps discovered:
D:1:      kennysheep_arrival_seaside, layout_basic, serial_bayou_lagoon_a,
          minmay_octomino_j4
D:2:      layout_basic, basic_altar, kennysheep_flooded_box, eino_curves_01
D:3:      layout_loops_cross, tso_metal_star, lemuel_coloured_pillars_altar,
          minmay_overflow_temple_star_quad, lemuel_round_altar
D:4:      minmay_razor_zed, layout_loops_ring, minmay_temple_entry_fiery
Temple:   nicolae_temple_bog_church

Skill      XL: |  1  2  3  4  5  6 |
---------------+-------------------+-----
Transmutations | 2 |  2.7
Spellcasting   | 5 |  5.4
Invocations    | 1 2 |  2.3
Fighting       | 1 2 |  2.1
Short Blades   | 1 2 |  2.1
Long Blades    | 1 2 |  2.1
Axes           | 1 2 |  2.1
Maces & Flails | 1 2 |  2.1
Polearms       | 1 2 |  2.1
Staves         | 1 2 |  2.1
Ranged Weapons | 1 2 |  2.1
Throwing       | 1 2 |  2.1
Armour         | 1 2 |  2.1
Shields        | 1 2 |  2.1
Unarmed Combat | 1 2 |  2.1
Evocations     | 1 2 |  2.1
Conjurations   | 1 |  1.7
Hexes          | 1 |  1.7
Summonings     | 1 |  1.7
Necromancy     | 1 |  1.7
Translocations | 1 |  1.7
Fire Magic     | 1 |  1.7
Ice Magic      | 1 |  1.7
Air Magic      | 1 |  1.7
Poison Magic   | 1 |  1.7
Dodging        | 5 |  5.0
Stealth        | |  4.7
Earth Magic    | |  5.7

Action                   |  1- 3 |  4- 6 || total
-------------------------+-------+-------++-------
Melee: Unarmed           |     4 |     3 ||     7
       Bite              |     1 |       ||     1
 Cast: Sandblast         |    46 |    51 ||    97
Armor: Robe              |     1 |     6 ||     7
Dodge: Dodged            |    14 |    38 ||    52

Table legend: (Time is in decaauts)
 A = Elapsed time spent in this place.
 B = Non-inter-level travel time spent in this place.
 C = Inter-level travel time spent in this place.
 D = Time resting spent in this place.
 E = Time spent auto-exploring this place.
 F = Levels seen in this place.
 G = Mean time per level.
                   A        B        C        D        E       F      G
               +--------+--------+--------+--------+--------+-----+--------+
         Total |   3411 |   3341 |     70 |      0 |   2932 |   5 |  682.2 |
       Dungeon |   3232 |   3185 |     47 |      0 |   2789 |   4 |  808.0 |
        Temple |    179 |    157 |     22 |      0 |    143 |   1 |  179.0 |
               +--------+--------+--------+--------+--------+-----+--------+

Top non-repeatable levels by time:
     D:1: 1120 daAuts
     D:4: 738 daAuts
     D:3: 729 daAuts
     D:2: 644 daAuts
  Temple: 179 daAuts
